 Dungeon Crawl Stone Soup version 0.17.1-3-g152610e (webtiles) character file.

1855 Gargoyl the Covered (level 8, 0/62 HPs)
             Began as a Demonspawn Abyssal Knight on Mar 21, 2016.
             Was a Priest of Lugonu.
             Slain by an orc warrior
             ... wielding a +0 battleaxe
              (23 damage)
             ... on level 6 of the Dungeon.
             The game lasted 00:14:00 (5278 turns).

Gargoyl the Covered (Demonspawn Abyssal Knight)     Turns: 5278, Time: 00:14:01

Health: 0/62       AC:  9    Str: 15    XL:     8   Next: 89%
Magic:  10/10      EV: 11    Int: 14    God:    Lugonu [***...]
Gold:   338        SH:  0    Dex: 12    Spells: 0 memorised, 7 levels left

rFire  + . .     SeeInvis .     x - +2 war axe (chop)
rCold  + . .     Clarity  .     F - +0 scale mail
rNeg   + + .     SustAt   .     (no shield)
rPois  .         Gourm    .     (helmet restricted)
rElec  .         Spirit   .     (no cloak)
rCorr  .         Warding  +     (no gloves)
rMut   .         Stasis   .     g - +0 pair of boots
MR     .....                    E - macabre finger necklace {Ward rN+}
Stlth  ..........               A - ring of positive energy
                                s - ring of protection from cold
                                (no ring)

@: not resistant to hostile enchantments, extremely unstealthy
A: horns 2, talons 1, fire resistance 1, powered by death 2, flame cloud
immunity
a: Depart the Abyss, Bend Space, Banish, Renounce Religion


You were on level 6 of the Dungeon.
You worshipped Lugonu.
Lugonu was most pleased with you.
You were not hungry.

You visited 1 branch of the dungeon, and saw 6 of its levels.
You visited the Abyss 1 time.

You collected 338 gold pieces.

Inventory:

Hand Weapons
 q - a cursed -2 flail
 x - a +2 war axe of chopping (weapon)
 B - a +0 war axe
 I - a +2 vampiric spear
Missiles
 w - 4 javelins (quivered)
Armour
 g - a +0 pair of boots (worn)
 F - a +0 scale mail (worn)
Jewellery
 n - a +2 ring of intelligence
 s - a ring of protection from cold (left hand)
 A - a ring of positive energy (right hand)
 E - the macabre finger necklace (around neck) {Ward rN+}
   (You found it on level 6 of the Dungeon)

   [amulet of warding]

   It may prevent the melee attacks of summoned creatures.
   It protects you from negative energy.
 H - an uncursed ring of stealth
Wands
 m - a wand of flame (24)
 y - a wand of polymorph (15)
Scrolls
 d - a scroll of teleportation
 h - a scroll of fear {unknown}
 i - 3 scrolls of identify
 j - a scroll of noise {unknown}
 k - 3 scrolls of remove curse {unknown}
 o - a scroll of immolation {unknown}
 r - a scroll of amnesia {unknown}
 z - a scroll of random uselessness {unknown}
 D - a scroll of vulnerability {unknown}
Potions
 a - 2 potions of curing
 e - a potion of flight
 p - a potion of agility
 t - 2 potions of cure mutation
 v - a potion of ambrosia
Books
 l - a book of Changes

   Spells                             Type                      Level
   a - Beastly Appendage              Transmutation                1
   b - Sticks to Snakes               Transmutation                2
   c - Spider Form                    Transmutation/Poison         3
   d - Ice Form                       Ice/Transmutation            4
   e - Blade Hands                    Transmutation                5
Comestibles
 b - 3 beef jerkies
 c - 4 bread rations
 u - a slice of pizza
 C - 7 fruits
 G - 2 chunks of flesh


   Skills:
 + Level 5.3 Fighting
 + Level 4.6 Axes
 + Level 0.8 Throwing
 * Level 6.8 Armour
 + Level 4.9 Dodging
 + Level 0.8 Stealth
 + Level 3.6 Invocations


You had 7 spell levels left.
You didn't know any spells.

Dungeon Overview and Level Annotations

Branches:
Dungeon (6/15)
 Temple: D:4-7

Altars:
Elyvilon
Sif Muna
Trog
Vehumet
Xom


Innate Abilities, Weirdness & Mutations

You have a pair of horns on your head.
You have sharp toenails.
Your flesh is heat resistant.
You regenerate health from kills.
You are immune to clouds of flame.


Message History

Unknown command.
Unknown command.
You closely miss the orc. You slash the orc warrior!
The orc warrior is severely wounded.
You hit the hound zombie. The hound zombie barely misses you.
The orc warrior hits you with a battleaxe!
Unknown command.
You hit the orc warrior.
The orc warrior is almost dead.
You slash the hound zombie!
You destroy the hound zombie!
Lugonu accepts your kill.
You hit the orc warrior but do no damage.
The orc warrior hits you with a dire flail.
The orc misses you.
You closely miss the orc warrior.
The orc warrior is almost dead.
You barely miss the orc warrior. You barely miss the orc.
The orc warrior hits you with a battleaxe!!
You die...

#....##.#...........'.#
#....##.#..#####....#.#
#....##.#..##.*#....#.#
#....##.#..##.##.####.#*
####..#,#..##....# #..*
##.#.#..##.#..####..#
####..................#
#<........##.##o####..#
#####..#####.*#@ooo#,,*
****..# #....oo.#,,*****
*,,,.># #...###.....,,,*
****#.# #...*_*....#****
*.#***#...*+*,o..#
*..,,,.[..,,,o,..#
*,***##...,,,,,..# *,*
#.##****,*** *,*
*,,,,,,,,*


You could see 2 orc warriors, an orc wizard and 3 orcs.

Vanquished Creatures
  The ghost of Marenglen the Nimble, a novice TeMo of Ashenzari (D:6)
  A water moccasin (D:6)
  A black bear (D:6)
  2 ogres (D:4)
  A sky beast (D:6)
  A centaur (D:6)
  Blork the orc (D:5)
  A giant frog (D:6)
  2 scorpions
  A crimson imp (D:5)
  2 hounds (D:4)
  2 orc priests (D:6)
  A quasit (D:6)
  A giant frog skeleton (D:6)
  3 worker ants
  5 orc wizards
  An iguana (D:4)
  2 hound zombies (D:6)
  8 adders
  8 gnolls (D:6)
  An ooze (D:2)
  An adder skeleton (D:5)
  A worm (D:5)
  10 orcs
  A ball python (D:3)
  8 bats
  4 giant cockroaches
  3 goblins (D:1)
  10 hobgoblins
  7 kobolds
  A quokka (D:2)
  5 giant geckos
  A giant gecko skeleton (D:6)
  3 giant newts
  7 jackals
  11 rats
119 creatures vanquished.

Vanquished Creatures (others)
  An iguana (D:4)
  An adder (D:4)
  A worm (D:4)
3 creatures vanquished.

Grand Total: 122 creatures vanquished

Notes
Turn   | Place    | Note
--------------------------------------------------------------
     0 | Abyss:1  | Gargoyl the Demonspawn Abyssal Knight began the quest for the Orb.
     0 | Abyss:1  | Reached XP level 1. HP: 18/18 MP: 2/2
    75 | Abyss:1  | Noticed a tentacled starspawn
    83 | D:1      | Escaped the Abyss
   509 | D:1      | Gained mutation: You have sharp toenails. [demonic ancestry]
   509 | D:1      | Reached XP level 2. HP: 20/24 MP: 3/3
   556 | D:1      | Reached * piety under Lugonu
   852 | D:1      | Reached skill level 1 in Dodging
  1272 | D:2      | Gained mutation: You regenerate a little health from kills. [demonic ancestry]
  1272 | D:2      | Reached XP level 3. HP: 20/29 MP: 5/5
  1636 | D:2      | Found a shimmering altar of Xom.
  1663 | D:2      | Reached ** piety under Lugonu
  1920 | D:2      | Gained mutation: You regenerate health from kills. [demonic ancestry]
  1920 | D:2      | Reached XP level 4. HP: 36/36 MP: 6/6
  2714 | D:4      | Gained mutation: You have a pair of small horns on your head. [demonic ancestry]
  2714 | D:4      | Reached XP level 5. HP: 23/41 MP: 7/7
  2806 | D:4      | Noticed an ogre
  2818 | D:4      | Killed an ogre
  2818 | D:4      | Reached *** piety under Lugonu
  2818 | D:4      | Reached skill level 4 in Armour
  2818 | D:4      | Gained mutation: Your flesh is heat resistant. [demonic ancestry]
  2818 | D:4      | Reached XP level 6. HP: 21/48 MP: 8/8
  3109 | D:5      | Entered Level 5 of the Dungeon
  3546 | D:4      | Gained mutation: You have a pair of horns on your head. [demonic ancestry]
  3546 | D:4      | Reached XP level 7. HP: 54/54 MP: 9/9
  3570 | D:4      | Found a radiant altar of Vehumet.
  3890 | D:5      | Noticed Blork the orc
  3900 | D:5      | Killed Blork the orc
  3900 | D:5      | Reached skill level 5 in Armour
  4018 | D:5      | Found a bloodstained altar of Trog.
  4207 | D:5      | Found a deep blue altar of Sif Muna.
  4409 | D:6      | Noticed Marenglen's ghost (novice TeMo)
  4455 | D:6      | Killed Marenglen's ghost
  4455 | D:6      | Gained mutation: You are immune to clouds of flame. [demonic ancestry]
  4455 | D:6      | Reached XP level 8. HP: 18/61 MP: 10/10
  4687 | D:6      | Found a white marble altar of Elyvilon.
  4730 | D:6      | Reached skill level 6 in Armour
  4814 | D:6      | Reached skill level 5 in Fighting
  4923 | D:6      | Gained mutation: Armour fits poorly on your strangely shaped body. [mutagenic meat]
  4924 | D:6      | Gained mutation: You can spit weak poison. [mutagenic meat]
  4925 | D:6      | Gained mutation: You are clumsy. (Dex -2) [mutagenic meat]
  4926 | D:6      | Gained mutation: You can translocate small distances at will. [mutagenic meat]
  4927 | D:6      | Lost mutation: Armour fits poorly on your strangely shaped body. [potion of cure mutation]
  4927 | D:6      | Lost mutation: You can translocate small distances at will. [potion of cure mutation]
  4927 | D:6      | Lost mutation: You can spit weak poison. [potion of cure mutation]
  4927 | D:6      | Lost mutation: You are clumsy. (Dex -2) [potion of cure mutation]
  5278 | D:6      | Slain by an orc warrior

Action                   |  1- 3 |  4- 6 |  7- 9 || total
-------------------------+-------+-------+-------++-------
Melee: Hand axe          |   178 |   125 |       ||   303
       War axe           |       |    25 |   185 ||   210
Throw: Javelin           |       |       |     5 ||     5
Invok: Depart the Abyss  |     1 |       |       ||     1
       Bend Space        |       |     1 |       ||     1
       Banish            |       |     1 |       ||     1
  Use: Potion            |       |     8 |     4 ||    12
       Scroll            |       |       |     5 ||     5
  Eat: Chunk             |     4 |     4 |     7 ||    15
       Bread ration      |       |     1 |       ||     1
